 Dungeon Crawl Stone Soup version 0.19.5 (webtiles) character file.

1222 galech the Slasher (level 8, -3/69 HPs)
             Began as a Hill Orc Fighter on Mar 1, 2017.
             Was a Follower of Makhleb.
             Slain by a hornet (6 damage)
             ... on level 7 of the Dungeon.
             The game lasted 00:12:00 (5302 turns).

galech the Slasher (Hill Orc Fighter)               Turns: 5302, Time: 00:12:03

Health: -3/69      AC: 11    Str: 18 (19) XL:     8   Next: 47%
Magic:  17/17      EV:  8    Int:  6 (8)  God:    Makhleb [*.....]
Gold:   337        SH: 10    Dex: 11 (12) Spells: 0 memorised, 7 levels left

rFire  + + .     SeeInvis .     a - +0 long sword
rCold  . . .     Gourm    .     b - +0 scale mail
rNeg   . . .     Faith    .     c - +0 shield
rPois  .         Spirit   .     g - +1 helmet
rElec  .         Reflect  .     (no cloak)
rCorr  .         Harm     .     v - +0 pair of gloves
MR     .....                    (no boots)
Stlth  ..........               H - amulet of Xom's Supremacy {RegenMP rF+}
                                K - ring of magical power
                                L - ring of protection from fire

@: lethally poisoned (-3 -> -8), slowed, very slow
A: no striking features
a: Renounce Religion


You were on level 7 of the Dungeon.
You worshipped Makhleb.
Makhleb was aware of your devotion.
You were hungry.

You visited 1 branch of the dungeon, and saw 7 of its levels.

You collected 337 gold pieces.

Inventory:

Hand Weapons
 a - a +0 long sword (weapon)
Armour
 b - a +0 scale mail (worn)
 c - a +0 shield (worn)
 g - a +1 helmet (worn)
 v - a +0 pair of gloves (worn)
 x - a +1 robe of fire resistance
Jewellery
 y - an uncursed ring of wizardry
 H - the amulet of Xom's Supremacy (around neck) {RegenMP rF+}
   (You found it on level 6 of the Dungeon)

   [amulet of magic regeneration]

   It increases your magic regeneration.
   It protects you from fire.
 K - a ring of magical power (right hand)
 L - a ring of protection from fire (left hand)
Wands
 D - a wand of flame (35/48)
 J - a wand of paralysis (8/24)
Scrolls
 e - 2 scrolls of immolation
 h - 2 scrolls of fear
 l - a scroll of amnesia
 m - 2 scrolls of teleportation {unknown}
 n - 6 scrolls of enchant armour
 p - 3 scrolls of noise {unknown}
 q - 2 scrolls of blinking {unknown}
 r - a scroll of enchant weapon {unknown}
 s - 3 scrolls of remove curse
 I - a scroll of random uselessness
Potions
 d - 2 potions of might
 i - 4 potions of curing
 j - a potion of invisibility {unknown}
 k - 2 potions of flight {unknown}
 t - a potion of berserk rage {unknown}
 u - a potion of cure mutation {unknown}
 z - a potion of resistance {unknown}
 A - a potion of lignification {unknown}
 B - 2 potions of ambrosia {unknown}
 C - a potion of beneficial mutation {unknown}
 E - 2 potions of degeneration
 F - a potion of brilliance {unknown}
Comestibles
 f - 3 bread rations
 o - a beef jerky
 G - a meat ration


   Skills:
 + Level 5.4 Fighting
 + Level 6.9 Long Blades
 + Level 5.9 Armour
 + Level 2.0 Dodging
 + Level 0.1 Stealth
 + Level 6.0 Shields


You had 7 spell levels left.
You didn't know any spells.

Dungeon Overview and Level Annotations

Branches:
Dungeon (7/15)             Temple (0/1) D:4

Altars:
Cheibriados
Makhleb
Okawaru
Ru
Zin


Message History

The hornet stings you but does no damage.
Your shield and scale mail prevent you from hitting the hornet.
The hornet is severely wounded.
You block the hornet's attack.
The hornet stings you but does no damage.
Your scale mail prevents you from hitting the hornet.
The hornet is heavily wounded.
The hornet stings you but does no damage.
The hornet stings you!
* * * LOW HITPOINT WARNING * * *
You are lethally poisoned!
You feel as though you will be slow longer.
It was a potion of degeneration.
There was something very wrong with that liquid.
You feel weakened.
You feel dopey.
You feel clumsy.
* * * LOW HITPOINT WARNING * * *
You feel sick.
The hornet stings you but does no damage.
The hornet stings you.
You die...

..###....##..####
#.#......#......
###...##......###
#.....###........
#....###....#.###
###...##.........
+.........#......
############....##......
>....?.@.....#..........
###.#.y###.###.###.#.##.
#.. #.............. ....
......###...... #.#..
................
#.#.########.###..#### .
.. .# #..# # #. # #..
...


You could see a hornet.

Vanquished Creatures
  A phantom (D:4)
  2 ogres
  An ice beast (D:5)
  2 centaurs
  A bullfrog (D:6)
  3 scorpions
  2 howler monkeys (D:6)
  A hound (D:4)
  3 orc wizards
  An orc priest (D:4)
  An iguana (D:4)
  3 worker ants
  A hound zombie (D:7)
  5 adders
  2 oozes
  An adder skeleton (D:4)
  4 worms
  3 dart slugs
  3 leopard geckos
  15 orcs
  3 ball pythons
  2 giant cockroaches (D:2)
  4 goblins
  7 hobgoblins
  6 jackals (D:4)
  7 kobolds
  2 quokkas
  8 bats
  3 frilled lizards
  2 leopard gecko skeletons
  2 quokka skeletons
  11 rats
112 creatures vanquished.

Notes
Turn   | Place    | Note
-------+----------+-------------------------------------------
     0 | D:1      | galech the Hill Orc Fighter began the quest for the Orb.
     0 | D:1      | Reached XP level 1. HP: 19/19 MP: 1/1
   140 | D:1      | Reached XP level 2. HP: 22/27 MP: 2/2
   693 | D:2      | Reached XP level 3. HP: 25/33 MP: 3/3
   707 | D:2      | Found a snail-covered altar of Cheibriados.
   727 | D:2      | Found an iron altar of Okawaru.
  1271 | D:3      | Reached XP level 4. HP: 38/40 MP: 4/4
  1588 | D:3      | Found a sacrificial altar of Ru.
  1595 | D:3      | Reached XP level 5. HP: 43/46 MP: 5/5
  2329 | D:4      | Reached XP level 6. HP: 16/53 MP: 6/6
  2602 | D:4      | Found a burning altar of Makhleb.
  2606 | D:4      | Reached skill level 1 in Dodging
  2612 | D:4      | Became a worshipper of Makhleb the Destroyer
  2710 | D:4      | Reached skill level 5 in Shields
  2807 | D:4      | Found a staircase to the Ecumenical Temple.
  2816 | D:4      | Reached skill level 5 in Fighting
  2952 | D:4      | Noticed a phantom
  2953 | D:4      | Reached XP level 7. HP: 61/61 MP: 7/7
  2991 | D:4      | Reached skill level 5 in Long Blades
  3569 | D:5      | Entered Level 5 of the Dungeon
  3579 | D:5      | Reached skill level 5 in Armour
  3734 | D:5      | Reached XP level 8. HP: 49/68 MP: 8/8
  3882 | D:5      | Reached * piety under Makhleb
  4219 | D:6      | Found a burning altar of Makhleb.
  4384 | D:6      | Got a clouded silver amulet
  4386 | D:6      | Identified the amulet of Xom's Supremacy {RegenMP rF+} (You found it on level 6 of the Dungeon)
  4980 | D:6      | Found a glowing silver altar of Zin.
  4980 | D:6      | Noticed an angel
  4981 | D:6      | Noticed an Executioner
  5282 | D:7      | Noticed a hornet
  5288 | D:7      | Paralysed by a hornet for 1 turns
  5291 | D:7      | Paralysed by a hornet for 3 turns
  5302 | D:7      | HP: 3/69 [poisoned by a hornet]
  5302 | D:7      | Slain by a hornet

Skill      XL: |  1  2  3  4  5  6  7  8 |
---------------+-------------------------+-----
Fighting       | 4 5 |  5.4
Long Blades    | 3 4 6 |  6.9
Shields        | 4 5 6 |  6.0
Armour         | 4 5 |  5.9
Dodging        | 1 2 |  2.0
Stealth        | |  0.1

Action                   |  1- 3 |  4- 6 |  7- 9 || total
-------------------------+-------+-------+-------++-------
Melee: Long sword        |   125 |   144 |   181 ||   450
  Use: Scroll            |       |       |     6 ||     6
       Potion            |       |       |     3 ||     3
 Stab: Paralysed         |       |     1 |       ||     1
  Eat: Chunk             |     1 |     6 |     7 ||    14
Armor: Scale mail        |    70 |    59 |    61 ||   190
Dodge: Dodged            |    47 |    43 |    64 ||   154
Block: Shield            |    75 |    84 |    97 ||   256
       Rpst.: Long sword |    21 |    15 |    21 ||    57
